 Dungeon Crawl Stone Soup version 0.29.1-2-gbd0b4ee654 (webtiles) character file.

Game seed: 16982039780577456207

5291 Atarun the Carver (level 10, -1/75 HPs)
             Began as a Minotaur Berserker on Nov 7, 2022.
             Was an Elder of Trog.
             Slain by a six-headed hydra (8 damage)
             ... on level 1 of the Lair of Beasts on Nov 8, 2022.
             The game lasted 00:46:44 (6564 turns).

Atarun the Carver (Minotaur Berserker)              Turns: 6564, Time: 00:46:45

Health: -1/75      AC: 19    Str: 21    XL:     10   Next: 37%
Magic:  9/9        EV:  8    Int:  4    God:    Trog [****..]
Gold:   358        SH:  0    Dex: 21    Spells: 9/9 levels left

rFire   + . .      SeeInvis .   f - +4 falchion
rCold   . . .      Faith    +   (no shield)
rNeg    . . .      Spirit   .   C - +2 plate armour {rC+}
rPois   .          Reflect  .   (helmet restricted)
rElec   .          Harm     .   a - scarf {+Inv}
rCorr   .          Rampage  .   j - +0 pair of gloves
Will    .....                   t - +0 pair of boots
Stlth   ..........              m - amulet of faith
HPRegen 0.22/turn               s - +6 ring of dexterity
MPRegen 0.11/turn               i - ring of fire

@: unable to read
A: horns 2, retaliatory headbutt, claws 1, frail 1, screaming 1, subdued magic
1, inability to read after injury 1
a: Renounce Religion, Evoke Invisibility, Berserk, Trog's Hand, Brothers in Arms


You were on level 1 of the Lair of Beasts.
You worshipped Trog.
Trog was greatly pleased with you.
You visited 2 branches of the dungeon, and saw 9 of its levels.

You collected 358 gold pieces.

Inventory:

Hand Weapons
 f - a +4 falchion (weapon)
 v - a +0 arbalest of freezing
 w - a +1 shortbow of flaming
Missiles
 b - 8 javelins
 d - 7 boomerangs (quivered)
 e - 61 stones
 q - a curare-tipped dart
Armour
 a - a scarf of invisibility (worn)
 j - a +0 pair of gloves (worn)
 t - a +0 pair of boots (worn)
 C - a +2 plate armour of cold resistance (worn)
Jewellery
 i - a ring of fire (right hand)
 k - a ring of ice
 m - an amulet of faith (around neck)
 s - a +6 ring of dexterity (left hand)
 A - a +6 ring of intelligence
Wands
 l - a wand of iceblast (8)
 r - a wand of flame (29)
 u - a wand of digging (4)
Scrolls
 c - 6 scrolls of identify
 y - 2 scrolls of teleportation
Potions
 h - a potion of resistance
 n - 2 potions of flight
 o - 2 potions of might
 x - a potion of haste


   Skills:
 + Level 6.5 Fighting
 + Level 10.5 Long Blades
 + Level 9.4 Throwing
 + Level 9.3 Armour
 + Level 3.3 Dodging
 + Level 0.3 Stealth


You had 9 spell levels left.
You didn't know any spells.
Your spell library was empty.

Dungeon Overview and Level Annotations

Branches:
Dungeon (8/15)             Temple (0/1) D:5            Lair (1/5) D:8

Altars:
Ashenzari
Cheibriados
Okawaru
Qazlal
Ru
Vehumet
Yredelemnul

Shops:
D:2 (   D:5 :=


Innate Abilities, Weirdness & Mutations

You have a pair of horns on your head.
You reflexively headbutt those who attack you in melee.
You have sharp fingernails.
You are frail. (-10% HP)
You occasionally shout uncontrollably at your foes.
Your spells are a little easier to cast, but a little less powerful.
You occasionally lose the ability to read scrolls when taking damage.


Message History

A six-headed hydra comes into view.
The cane toad attacks as you move away!
The cane toad stings you but does no damage.
The six-headed hydra roars!
The blink frog blinks!
The blink frog hits you but does no damage.
The cane toad closely misses you.
The blink frog blinks!
The blink frog closely misses you.
The blink frog blinks!
The blink frog barely misses you. You furiously retaliate!
You headbutt the blink frog! You slash the blink frog!
Your headbutt misses the blink frog.
The blink frog is heavily wounded.
The cane toad stings you but does no damage.
The blink frog barely misses you. You furiously retaliate!
You headbutt the blink frog! You barely miss the blink frog.
You headbutt the blink frog.
The blink frog is almost dead.
The blink frog closely misses you.
The six-headed hydra closely misses you.
You furiously retaliate!
You headbutt the six-headed hydra! The six-headed hydra bites you.
The six-headed hydra bites you but does no damage. x3
The six-headed hydra bites you!
You slash the blink frog!
You kill the blink frog!
Trog accepts your kill. The cane toad stings you!
* * * LOW HITPOINT WARNING * * *
The cane toad stings you!
You feel threatened and lose the ability to read scrolls!
* * * LOW HITPOINT WARNING * * *
The blink frog blinks!
The six-headed hydra attacks as you move away!
The six-headed hydra closely misses you.
The six-headed hydra bites you but does no damage.
The six-headed hydra barely misses you.
The six-headed hydra bites you but does no damage.
The six-headed hydra bites you!
You die...

†F.⌠†FF.#..######§÷....P~~
.......##.## #..#...~~P
#..>.####.# ##.#...P~≈
##.### ##.## ##......~~
#..####...## #......P~P
##....#.....######§.##.♣♣P
#P...P...##.....##........
###....### ##...FFF....##.
##...## ##..@D....##
#P..## #.†F##...# ##...#
##.### #....# .....###
#..# #..## .......# ##.##
...P .###...#####..# ##..#
# ###..#.#.<## #..
##÷.#...# ##.....#


You could see a six-headed hydra, 2 cane toads and 2 blink frogs.

Vanquished Creatures
  Pikel (D:5)
  3 komodo dragons
  2 blink frogs (Lair:1)
  7 yaks (Lair:1)
  2 water moccasins (D:8)
  3 black bears
  An ice beast (D:7)
  A sky beast (D:7)
  An ogre (D:5)
  A centaur (D:6)
  2 lemures (D:5)
  A kobold brigand (D:6)
  7 bullfrogs
  2 gnoll sergeants
  4 necrophages
  4 scorpions
  4 wights (D:8)
  A killer bee (D:8)
  A howler monkey (D:6)
  A jelly (D:6)
  A hound (D:6)
  An orc priest (D:4)
  Ijyb (D:5)
  3 iguanas
  2 orc wizards
  A killer bee zombie (D:7)
  A howler monkey zombie (D:7)
  9 gnolls
  7 adders
  A shadow imp (D:7)
  5 dart slugs
  11 orcs
  3 endoplasms
  8 giant cockroaches
  8 hobgoblins
  4 jackals (D:4)
  4 quokkas
  7 ball pythons
  6 bats
  3 frilled lizards
  7 goblins
  9 kobolds
  2 rats (D:2)
153 creatures vanquished.

Vanquished Creatures (others)
  44 fungi (D:8)
  43 plants (D:8)
87 creatures vanquished.

Grand Total: 240 creatures vanquished

Notes
Turn   | Place    | Note
-------+----------+-------------------------------------------
     0 | D:1      | Atarun the Minotaur Berserker began the quest for the Orb.
     0 | D:1      | Reached XP level 1. HP: 19/19 MP: 0/0
   201 | D:1      | Reached XP level 2. HP: 27/27 MP: 1/1
   237 | D:1      | Found a faded altar of an unknown god.
   255 | D:1      | Reached skill level 4 in Long Blades
   652 | D:2      | Reached XP level 3. HP: 33/33 MP: 2/2
   711 | D:2      | Reached skill level 1 in Throwing
   725 | D:2      | Reached ** piety under Trog
  1152 | D:2      | Found a snail-covered altar of Cheibriados.
  1271 | D:2      | Found Xourodar's Weapon Emporium.
  1296 | D:2      | You fall into a shaft and drop 2 floors!
  1305 | D:4      | Noticed a scorpion
  1352 | D:4      | Killed a scorpion
  1353 | D:4      | Reached XP level 4. HP: 40/40 MP: 3/3
  1459 | D:4      | Reached XP level 5. HP: 27/46 MP: 4/4
  1907 | D:3      | Identified the +5 long sword "Bece" {vorpal, MP+9 Str-5
                  | Int+7}
  2154 | D:3      | Found a sacrificial altar of Ru.
  2987 | D:4      | Found an iron altar of Okawaru.
  2988 | D:4      | Found a broken altar of Ashenzari.
  2989 | D:4      | Found a radiant altar of Vehumet.
  2990 | D:4      | Found a stormy altar of Qazlal.
  3067 | D:4      | Reached XP level 6. HP: 53/53 MP: 5/5
  3083 | D:4      | Reached skill level 5 in Long Blades
  3085 | D:4      | Reached *** piety under Trog
  3307 | D:5      | Entered Level 5 of the Dungeon
  3307 | D:5      | Found Wuosum's Jewellery Shoppe.
  3410 | D:5      | Found Cellogodd's Book Boutique.
  3431 | D:5      | Noticed Pikel
  3549 | D:5      | Noticed Ijyb
  3560 | D:5      | Killed Ijyb
  3575 | D:5      | Reached skill level 6 in Long Blades
  3575 | D:5      | Reached XP level 7. HP: 15/60 MP: 6/6
  3666 | D:5      | Killed Pikel
  3667 | D:5      | Reached skill level 7 in Long Blades
  3667 | D:5      | Reached skill level 5 in Throwing
  3667 | D:5      | Reached skill level 5 in Armour
  3667 | D:5      | Reached XP level 8. HP: 38/67 MP: 7/7
  3811 | D:5      | Found a staircase to the Ecumenical Temple.
  4038 | D:5      | Reached skill level 5 in Fighting
  4197 | D:6      | Reached skill level 8 in Long Blades
  4235 | D:6      | Gained mutation: You are robust. (+10% HP) [potion of
                  | mutation]
  4235 | D:6      | Gained mutation: You are clumsy. (Dex -2) [potion of
                  | mutation]
  4235 | D:6      | Gained mutation: You occasionally shout uncontrollably at
                  | your foes. [potion of mutation]
  4235 | D:6      | Gained mutation: You have sharp fingernails. [potion of
                  | mutation]
  4253 | D:6      | Lost mutation: You are robust. (+10% HP) [potion of
                  | mutation]
  4253 | D:6      | Lost mutation: You are clumsy. (Dex -2) [potion of
                  | mutation]
  4253 | D:6      | Gained mutation: Your spells are a little easier to cast,
                  | but a little less powerful. [potion of mutation]
  4253 | D:6      | Gained mutation: You occasionally lose the ability to read
                  | scrolls when taking damage. [potion of mutation]
  4253 | D:6      | Gained mutation: You are frail. (-10% HP) [potion of
                  | mutation]
  5176 | D:7      | Reached XP level 9. HP: 66/66 MP: 8/8
  5201 | D:7      | Found a basalt altar of Yredelemnul.
  5623 | D:8      | Reached **** piety under Trog
  5705 | D:8      | Reached skill level 9 in Long Blades
  5746 | D:8      | Noticed a komodo dragon
  5758 | D:8      | Killed a komodo dragon
  5878 | D:8      | Found a staircase to the Lair.
  6146 | Lair:1   | Entered Level 1 of the Lair of Beasts
  6163 | Lair:1   | Noticed a komodo dragon
  6169 | Lair:1   | Killed a komodo dragon
  6235 | Lair:1   | Reached XP level 10. HP: 36/74 MP: 9/9
  6514 | Lair:1   | Reached skill level 10 in Long Blades
  6526 | Lair:1   | Noticed a cane toad
  6528 | Lair:1   | Noticed a cane toad
  6556 | Lair:1   | Noticed a six-headed hydra
  6564 | Lair:1   | Slain by a six-headed hydra

Illustrated notes

Levels and vault maps discovered:
D:1:      noname_arrival_rooms_in_the_neighbourhood, layout_basic,
          ebering_ecumenical_altar_petrified
D:2:      layout_basic, basic_altar, serial_shops, nicolae_shop_behind_doors
D:3:      layout_basic, nicolae_ru_great_annihilating_truth,
          minmay_fountain_box, minmay_close_crescents
D:4:      layout_basic, mainiacjoe_overflow_alcove_3, serial_curves,
          eino_curves_03, eino_curves_02
D:5:      layout_rooms, minmay_temple_entry_grid, serial_shops,
          nicolae_stop_n_shop_1, nicolae_square_shop, uniq_pikel, uniq_ijyb
D:6:      layout_gridville
D:7:      layout_loops_ring, lemuel_zombie_altar_yredelemnul
D:8:      layout_loops_ring, due_lair_maze_entry_diamond, minmay_misc_feat_five
Lair:1:   layout_layer_cave, serial_bayou_shore_b, grunt_megastairs_5,
          lemuel_fruit_fields

Skill      XL: |  1  2  3  4  5  6  7  8  9 10 |
---------------+-------------------------------+-----
Fighting       | 4 5 6 |  6.5
Long Blades    | 4 6 7 8 9 10 | 10.5
Throwing       | 2 3 4 5 7 9 |  9.4
Armour         | 3 4 5 6 8 9 |  9.3
Dodging        | 3 |  3.3
Stealth        | |  0.3

Action                   |  1- 3 |  4- 6 |  7- 9 | 10-12 || total
-------------------------+-------+-------+-------+-------++-------
Melee: Falchion          |    33 |   161 |   139 |    32 ||   365
       Headbutt          |     3 |    25 |    40 |     9 ||    77
       Punch             |       |     1 |       |     1 ||     2
Throw: Boomerang         |    67 |    67 |   110 |     4 ||   248
       Javelin           |       |       |    10 |       ||    10
Invok: Berserk           |     1 |       |     1 |       ||     2
       Trog's Hand       |       |       |     1 |     1 ||     2
  Use: Scroll            |     6 |     2 |     9 |       ||    17
       Potion            |     2 |     5 |     3 |       ||    10
Armor: Scale mail        |    12 |       |       |       ||    12
       Plate armour      |    12 |   136 |    94 |    21 ||   263
Dodge: Dodged            |    39 |    75 |    62 |    23 ||   199
